AoeStats
← 陆小果

Arena

508127791Analyzed
2v2 RM · 11d ago on Sep 21, 2026· 25m 27s· 4 players
Game mode
Random Map
Map size
Medium (4 player)
Population
200
Speed
Normal
Resources
Standard
Victory
Conquest
Starting age
Dark Age
Ending age
Imperial Age
RankedLock teamsTeams togetherTeam positionsShared explorationLock speedFull tech treeHidden civsTurbo modeCheats
Victory
Defeat
🇺🇸 Britons · United States
513
+18
🇺🇸 Franks · United States
495
+18
🇭🇰 Goths · Hong Kong SAR China
565
-19
🇨🇱 Huns · Chile
525
-17
janyo3555
15:34 Feudal Age
17:46 Wheelbarrow
17:15 Gold Mining
17:18 Horse Collar
17:37 Double-Bit Axe
23:22 Bloodlines
陆小果
5:17 Loom
12:19 Feudal Age
12:59 Double-Bit Axe
21:37 Castle Age
20:28 Horse Collar
23:20 Bow Saw
supernova
9:41 Feudal Age
13:47 Castle Age
12:04 Double-Bit Axe
13:04 Horse Collar
18:23 Gold Mining
21:42 Bow Saw
22:02 Fletching
24:12 Bodkin Arrow
24:18 Padded Archer Armor
Black shadow
13:43 Feudal Age
16:15 Double-Bit Axe
19:15 Castle Age
18:42 Stone Mining
18:44 Gold Mining
19:55 Forging
23:41 Iron Casting
Connection lost

Rejoining the realm…

Still unreachable

The connection could not be restored.

Session expired

The server has moved on; the page needs a fresh start.